 Dungeon Crawl Stone Soup version 0.24-a0-537-g2d01d4ab0a (webtiles) character file.

Game seed: 14776247081308151906

934 Gynju the Covert (level 7, -7/32 HPs)
             Began as a Spriggan Enchanter on Aug 14, 2019.
             Mangled by a mummy (17 damage)
             ... in an ossuary.
             The game lasted 00:10:44 (7522 turns).

Gynju the Covert (Spriggan Enchanter)               Turns: 7522, Time: 00:10:45

Health: -7/32      AC:  2    Str:  4    XL:     7   Next: 86%
Magic:  1/16       EV: 18    Int: 18    God:
Gold:   255        SH:  0    Dex: 17    Spells: 6/17 levels left

rFire    . . .     SeeInvis +   m - +3 dagger (venom)
rCold    . . .     Gourm    .   (shield restricted)
rNeg     . . .     Faith    .   b - +0 robe
rPois    .         Spirit   .   (helmet restricted)
rElec    .         Reflect  .   (no cloak)
rCorr    .         Harm     .   (gloves unavailable)
MR       +....                  (boots unavailable)
Stlth    +++++.....             (no amulet)
HPRegen  0.10/turn              (no ring)
MPRegen  0.15/turn              (no ring)

@: starving, very quick
A: very small, unfitting armour, see invisible, herbivore, speed 3, slow
metabolism 2
a: no special abilities


You were in an ossuary.
You were starving.

You visited 1 branch of the dungeon, and saw 6 of its levels.
You also visited: Ossuary.

You collected 255 gold pieces.

Inventory:

Hand Weapons
 m - a +3 dagger of venom (weapon)
 r - a +1 rapier of holy wrath
Missiles
 f - 18 poisoned darts (quivered)
Armour
 b - a +0 robe (worn)
Magical Staves
 n - an uncursed staff of wizardry {unknown}
Jewellery
 k - an uncursed ring of magical power {unknown}
Wands
 l - a wand of paralysis (5)
 v - a wand of digging (2)
Scrolls
 a - a scroll of identify
 e - 3 scrolls of remove curse
 g - 3 scrolls of teleportation
 s - 2 scrolls of random uselessness {unknown}
 u - a scroll of noise {unknown}
 x - 2 scrolls of immolation {unknown}
Potions
 c - a potion of haste
 h - a potion of might
 i - a potion of agility
 j - a potion of berserk rage
 o - 2 potions of lignification {unknown}
 p - a potion of flight {unknown}
 q - a potion of brilliance {unknown}
 t - a potion of magic {unknown}
 w - 3 potions of degeneration {unknown}
 z - a potion of curing {unknown}
Comestibles
 d - 10 rations


   Skills:
 - Level 1.1 Short Blades
 - Level 3.0 Dodging
 * Level 9.9 Stealth
 + Level 5.5 Spellcasting
 * Level 7.7 Hexes


You had 6 spell levels left.
You knew the following spells:

 Your Spells              Type           Power        Failure   Level  Hunger
a - Dazzling Spray        Conj/Hex       ###...       8%          3    ##.....
b - Ensorcelled Hibernat  Hex/Ice        ###...       3%          2    #......
c - Tukima's Dance        Hex            ####....     1%          3    ##.....
d - Confuse               Hex            ####....     1%          3    ##.....

Your spell library contained the following spells:

 Spells                   Type           Power        Failure   Level  Hunger
 Confusing Touch          Hex            ####..       1%          1    None
 Corona                   Hex            ####...      1%          1    None
 Gell's Gravitas          Tloc           #.........   36%         3    ##.....
 Metabolic Englaciation   Hex/Ice        ###.......   56%         5    ######.
 Yara's Violent Unravell  Hex/Tmut       ###.......   56%         5    ######.
 Petrify                  Tmut/Erth      #.......     77%         4    ####...


Dungeon Overview and Level Annotations

Branches:
Dungeon (6/15)
 Temple: D:4-7

Altars:
Ashenzari
Fedhas
Hepliaklqana
Vehumet


Innate Abilities, Weirdness & Mutations

You are very small and have problems with some larger weapons.
You are too small for most types of armour.
You have supernaturally acute eyesight. (SInv)
You are a herbivore.
You cover ground extremely quickly.
You need to consume almost no food.


Message History

Press: ? - help, Shift-Dir - straight line, f/p - mummy
Aim: a mummy The spray of energy hits the mummy.
The mummy is moderately damaged.
You are starving!
You hit the mummy but do no damage.
The mummy is moderately damaged.
You hit the mummy but do no damage.
The mummy is moderately damaged.
The mummy completely misses you.
You barely miss the mummy.
The mummy is moderately damaged.
You hit the mummy but do no damage.
The mummy is moderately damaged.
The mummy barely misses you.
You hit the mummy.
The mummy is moderately damaged.
The mummy hits you!
Ouch! That really hurt!
You die...

##.## # ?.. #####
# !.! #?!. # #.#
??! # #.# #^#
###'### #.### #
##...^.## ##.'.#
###.......###..###
.#.........#...M@#
.'....⌠....'...###
.#.........#...'.#
###......M###..###
# ##.....## ##^'.#
###'### #.### #
#.# ##.## # ##.##
#...# # #.∩.#
#...#


You could see a mummy.

Vanquished Creatures
  Eustachio (D:4)
  An ogre (D:5)
  A centaur (D:5)
  A scorpion (D:5)
  2 human zombies (Ossuary)
  2 hounds
  2 bullfrog skeletons
  Ijyb (D:4)
  An orc wizard (D:4)
  Natasha (thrice) (D:2)
  A worker ant (D:5)
  A big kobold zombie (Ossuary)
  A hound zombie (D:5)
  A hound skeleton (D:4)
  A mummy (Ossuary)
  A howler monkey zombie (D:6)
  4 gnolls (D:5)
  3 adders
  A shadow imp (D:5)
  2 oozes
  3 worms
  3 dart slugs
  9 leopard geckos
  2 orcs
  4 giant cockroaches
  8 goblins
  9 hobgoblins
  4 jackals (D:2)
  2 quokkas
  2 ball pythons
  7 bats
  10 frilled lizards
  A goblin zombie (Ossuary)
  A hobgoblin zombie (Ossuary)
  6 kobolds
  A kobold zombie (Ossuary)
  2 orc zombies (Ossuary)
  14 rats
119 creatures vanquished.

Vanquished Creatures (collateral kills)
  A leopard gecko (D:4)
1 creature vanquished.

Grand Total: 120 creatures vanquished

Notes
Turn   | Place    | Note
-------+----------+-------------------------------------------
     0 | D:1      | Gynju the Spriggan Enchanter began the quest for the Orb.
     0 | D:1      | Reached XP level 1. HP: 9/9 MP: 5/5
   477 | D:1      | Reached XP level 2. HP: 13/13 MP: 6/6
   492 | D:1      | Learned a level 2 spell: Ensorcelled Hibernation
   665 | D:1      | Reached skill level 5 in Stealth
  1247 | D:1      | Reached XP level 3. HP: 16/16 MP: 8/8
  2271 | D:2      | Found a blossoming altar of Fedhas.
  2342 | D:2      | Noticed Natasha
  2349 | D:2      | Killed Natasha
  2349 | D:2      | Reached skill level 6 in Stealth
  2349 | D:2      | Reached XP level 4. HP: 17/21 MP: 6/10
  2621 | D:2      | Noticed Natasha
  2631 | D:2      | Killed Natasha
  2788 | D:2      | Reached skill level 5 in Hexes
  3451 | D:2      | Found a blossoming altar of Fedhas.
  3534 | D:2      | Noticed Natasha
  3544 | D:2      | Killed Natasha
  3544 | D:2      | Reached XP level 5. HP: 24/24 MP: 11/11
  3996 | D:3      | Found a shattered altar of Ashenzari.
  4122 | D:3      | Found a hazy altar of Hepliaklqana.
  4508 | D:3      | Reached skill level 7 in Stealth
  4701 | D:4      | Noticed Ijyb
  4704 | D:4      | Killed Ijyb
  4714 | D:4      | Learned a level 3 spell: Tukima's Dance
  4718 | D:4      | Learned a level 3 spell: Confuse
  4991 | D:4      | Reached XP level 6. HP: 28/28 MP: 10/13
  5009 | D:4      | Found a radiant altar of Vehumet.
  5727 | D:4      | Noticed Eustachio
  5749 | D:4      | Killed Eustachio
  5749 | D:4      | Reached skill level 8 in Stealth
  5963 | D:5      | Entered Level 5 of the Dungeon
  5968 | D:5      | Reached XP level 7. HP: 32/32 MP: 15/15
  6131 | D:5      | Reached skill level 9 in Stealth
  6131 | D:5      | Reached skill level 5 in Spellcasting
  6998 | D:6      | Learned a level 3 spell: Dazzling Spray
  6999 | D:6      | Found a sand-covered staircase.
  7009 | Ossuary  | Entered an ossuary
  7522 | Ossuary  | Mangled by a mummy

Levels and vault maps discovered:
D:1:      dpeg_arrival_simpleton_c, layout_basic
D:2:      layout_loops_corners, overflow_temple_1_default, serial_rivers,
          chequers_serial_rivers_small_b, chequers_serial_rivers_large_a,
          chequers_serial_rivers_micro_c, chequers_serial_rivers_micro_c,
          moated_statue, minmay_statues_item, uniq_natasha
D:3:      layout_basic, marbit_many_paths, nicolae_overflow_crystal_walls,
          serial_forest, infiniplex_forest_zigzag_1,
          infiniplex_forest_clump_small, infiniplex_forest_lined_corner,
          infiniplex_forest_diagonal, infiniplex_forest_lined_ring,
          infiniplex_forest_lined_room_2, infiniplex_forest_lined_3_way,
          infiniplex_forest_clump_tiny, kennysheep_generic_room_6
D:4:      layout_basic, vehumet_crystals, minmay_circle_x, uniq_eustachio,
          uniq_ijyb
D:5:      layout_loops_corners, first_ration
D:6:      layout_loops_ring, lemuel_crystal_altar,
          minmay_temple_entry_glassed_door, enter_ossuary_1
Ossuary:  ossuary_crypta

Skill      XL: |  1  2  3  4  5  6  7 |
---------------+----------------------+-----
Hexes          | 4 5 6 7 |  7.7
Stealth        | 5 6 7 8 9 |  9.9
Spellcasting   | 3 4 5 |  5.5
Short Blades   | |  1.1
Dodging        | |  3.0

Action                   |  1- 3 |  4- 6 |  7- 9 || total
-------------------------+-------+-------+-------++-------
Melee: Dagger            |   104 |   126 |    65 ||   295
       Unarmed           |       |     5 |       ||     5
 Cast: Ensorcelled Hiber |    27 |    40 |     6 ||    73
       Confuse           |       |     3 |     9 ||    12
       Tukima's Dance    |       |     1 |       ||     1
       Corona            |       |     1 |       ||     1
       Dazzling Spray    |       |       |     5 ||     5
  Use: Scroll            |       |     6 |     4 ||    10
 Stab: Sleeping          |    32 |    36 |    15 ||    83
       Confused          |       |     2 |     1 ||     3
  Eat: Ration            |       |     2 |     1 ||     3
Armor: Robe              |    10 |    16 |       ||    26
Dodge: Dodged            |    61 |   112 |    31 ||   204

Table legend:
 A = Non-vault XP
 B = Vault XP
 C = Vault XP percentage of total XP
 D = Non-vault monster count
 E = Vault monster count
 F = Vault count percentage of total count
                 A         B        C        D         E       F
            +---------+---------+-------+---------+---------+-------
      Total |     862 |     473 |  35.4 |     100 |      20 |  16.7
            +---------+---------+-------+---------+---------+-------
        D:1 |      47 |       0 |   0.0 |      28 |       0 |   0.0
        D:2 |     116 |      35 |  23.2 |      24 |       1 |   4.0
        D:3 |     114 |      11 |   8.8 |      26 |       3 |  10.3
        D:4 |     101 |     293 |  74.4 |       7 |       7 |  50.0
        D:5 |     467 |       0 |   0.0 |      13 |       0 |   0.0
        D:6 |      17 |       0 |   0.0 |       2 |       0 |   0.0
    Ossuary |       0 |     134 | 100.0 |       0 |       9 | 100.0
            +---------+---------+-------+---------+---------+-------
